[Event "Late-Titled-Tuesday-Blitz-January-23-2024"]
[Site "Chess.com"]
[Date "2024.01.23"]
[Round "3"]
[White "Arteler"]
[Black "dmitrijiIM"]
[Result "1/2-1/2"]
[WhiteElo "2528"]
[BlackElo "2909"]
[TimeControl "180+1"]
[EndTime "14:29:31 PST"]
[Termination "Game drawn - insufficient material"]

1. e4 c5 2. Nf3 Nc6 3. c3 Nf6 4. e5 Nd5 5. d4 cxd4 6. Bc4 Nb6 7. Bb3 d5 8. exd6 Qxd6 9. O-O Be6 10. Na3 Bxb3 11.
Qxb3 e6 12. Nb5 Qd7 13. Nfxd4 Nxd4 14. Nxd4 Bc5 15. Rd1 Bxd4 16. Rxd4 Qc6 17. Be3 O-O 18.
Rb4 Nd5 19. Rxb7 Nxe3 20. fxe3 Qe4 21. Re1 a5 22. Rd7 a4 23. Qd1 Qc4 24. Rd4 Qxa2 25. Qa1 Qb3 26. Rb4 Qc2 27. Qd1 Qxd1 28. Rxd1 a3 29. bxa3 Rxa3 30. Rc4 Ra7 31. Rcd4 Rc7 32. R1d3 h6 33. Rd8 Rxd8 34. Rxd8+ Kh7 35. Rd3 Kg6 36. Kf2 Kf5 37. Kf3 Ke5 38. h4 h5 39.
g3 f6 40. Ke2 g5 41. hxg5 fxg5 42. Rd8 Rxc3 43. Rh8 Ke4 44. Rxh5 Rxe3+ 45. Kf2 Rf3+ 46. Kg2 Rf5 47. g4 Rc5 48. Rh6 e5 49. Rf6 Rc2+ 50. Kg3 Rc3+ 51. Kg2 Ke3 52. Rf5 e4 53. Rxg5 Kd2 54.
Rd5+ Rd3 55. Rxd3+ Kxd3 56. g5 e3 57. g6 e2 58. g7 e1=Q 59. g8=Q Qe2+ 60. Kh3 Qh5+ 61. Kg2 Qe5 62. Qg3+ Qe3 63. Qf3 Qxf3+ 64. Kxf3 1/2-1/2

[Event "Late-Titled-Tuesday-Blitz-January-23-2024"]
[Site "Chess.com"]
[Date "2024.01.23"]
[Round "3"]
[White "ninguno46"]
[Black "alexgo05"]
[Result "0-1"]
[WhiteElo "2576"]
[BlackElo "2347"]
[TimeControl "180+1"]
[EndTime "14:29:31 PST"]
[Termination "alexgo05 won by resignation"]

1. d4 c6 2. Nf3 Nf6 3. c4 b5 4. c5 d6 5. cxd6 exd6 6. g3 g6 7. Bg2 Bg7 8. O-O O-O 9. Re1 Re8 10. a3 a5 11. Nc3 Bb7 12. d5 b4 13. dxc6 Nxc6 14. Nb5 Ne4 15. a4 d5 16. Bf4 Bxb2 17.
Nc7 Nc3 18. Qd2 Bxa1 19. Nxe8 Qxe8 20. Rxa1 Nxe2+ 21. Kh1 Nxf4 22. Qxf4 Qe4 23. Qc7 Qe7 24. Qf4 b3 25. Rb1 Qb4 26. Qh6 f6 27. Nd2 Nd4 28.
Qe3 Kf7 29. Nxb3 Re8 30. Qd3 Nxb3 31. Bxd5+ Kg7 32. Rxb3 Re1+ 33. Kg2 Bxd5+ 34. Qxd5 Qe4+ 35. Qxe4 Rxe4 36. Rb7+ Kh6 37. Rb6 f5 38. Ra6 Rxa4 39. Ra7 g5 40. Ra6+ Kh5 41. h3 h6 42. f3 g4 43.
hxg4+ fxg4 44. f4 Ra2+ 45. Kf1 a4 46. Ra5+ Kg6 47. Kg1 h5 48. Kh1 h4 49. gxh4 a3 50. Rg5+ Kf6 51. Ra5 g3 52. Kg1 Kg6 53. Kh1 Kh6 54.
Kg1 Kg6 55. Kh1 Kf7 56. Kg1 Kf6 57. h5 Kg7 58. Kh1 Rh2+ 59. Kg1 a2 60. Ra6 Rb2 61. f5 Rb1+ 62. Kg2 a1=Q 63. Rxa1 Rxa1 64. Kxg3 Ra4 65. Kf3 Kf6 0-1

[Event "Late-Titled-Tuesday-Blitz-January-23-2024"]
[Site "Chess.com"]
[Date "2024.01.23"]
[Round "3"]
[White "mbchess97"]
[Black "AndreyNeves"]
[Result "1-0"]
[WhiteElo "2335"]
[BlackElo "2023"]
[TimeControl "180+1"]
[EndTime "14:29:33 PST"]
[Termination "mbchess97 won by checkmate"]

1. c4 e6 2. g3 d5 3. Bg2 Nf6 4. Nf3 dxc4 5. Qa4+ Bd7 6. Qxc4 Bc6 7. O-O Be7 8. d4 O-O 9. Nc3 a6 10. Bf4 b5 11. Qb3 b4 12. Na4 Nd5 13. Bd2 Bb5 14. Rfe1 Qe8 15. Nc5 Bxc5 16. dxc5 Nc6 17. e4 Nf6 18.
Bg5 Nd7 19. Qc2 h6 20. Bf4 e5 21. Be3 Qe6 22. Rad1 Rfd8 23. b3 a5 24. h4 a4 25.
Kh2 axb3 26. axb3 Ra3 27. Bh3 Qe7 28. Rd2 Nf6 29. Rxd8+ Qxd8 30. Rd1 Qe7 31. Bc1 Ra8 32. Be3 Rd8 33. Rd2 Rxd2 34. Qxd2 Nd4 35. Nxd4 exd4 36. Qxd4 Qxe4 37. Qxe4 Nxe4 38. Bg2 Nc3 39. Bd2 Kf8 40. f4 Ke7 41. Bf3 Kd7 42. Kg1 Bc6 43.
Kf2 Bxf3 44. Kxf3 Kc6 45. Be3 Nd5 46. Bd4 f6 47. Ke4 Ne7 48. h5 Kb5 49. g4 c6 50. g5 fxg5 51. fxg5 hxg5 52. Bxg7 Kxc5 53.
h6 Ng6 54. Kf5 g4 55. Kxg6 g3 56. Be5 g2 57. Bh2 Kd4 58. h7 c5 59. h8=Q+ Kd3 60. Qg8 Ke2 61. Qc4+ Kf2 62. Qxc5+ Kf3 63. Bg1 Ke2 64.
Qe3+ Kf1 65. Qf2# 1-0

[Event "Late-Titled-Tuesday-Blitz-January-23-2024"]
[Site "Chess.com"]
[Date "2024.01.23"]
[Round "3"]
[White "diamonds13"]
[Black "JackRodgers"]
[Result "1-0"]
[WhiteElo "2362"]
[BlackElo "2561"]
[TimeControl "180+1"]
[EndTime "14:29:34 PST"]
[Termination "diamonds13 won by checkmate"]

1. d4 Nf6 2. c4 c5 3. d5 e5 4. Nc3 d6 5. e4 Be7 6. Bd3 Na6 7. a3 Bd7 8. h3 h5 9. Nge2 h4 10. Be3 Nh5 11. Qd2 Rb8 12. g4 hxg3 13. fxg3 Nc7 14. O-O-O b5 15. cxb5 Nxb5 16. Nxb5 Bxb5 17.
g4 Bxd3 18. Qxd3 Nf4 19. Nxf4 exf4 20. Bxf4 Bf6 21. e5 dxe5 22. Rhe1 O-O 23. Bxe5 Qb6 24.
Qc3 Bxe5 25. Rxe5 Rfd8 26. Rde1 c4 27. Kb1 Qg6+ 28. Ka1 Rb3 29. Qxc4 Rxh3 30. g5 Kh7 31. Qc7 Rd6 32. Re8 Ra6 33. Qc5 Qd6 34. Qc2+ Qg6 35.
Qc5 Qd6 36. Qxd6 Rxd6 37. R1e5 Rd3 38. R8e7 Kg6 39. Rxa7 R3xd5 40. Ree7 Rd1+ 41. Ka2 Rf1 42. a4 Rd5 43. a5 Rxg5 44. Ra6+ f6 45. Raa7 Kh6 46.
Re8 Rf3 47. Rh8+ Kg6 48. Rg8 Kh7 49. Rf8 Rb5 50. Rff7 Rg3 51. Rfb7 Re5 52. Rb4 Ree3 53. a6 Re5 54. Ra4 Re8 55. Rb7 Re1 56. a7 Rgg1 57.
a8=Q Ra1+ 58. Kb3 Rg3+ 59. Kb4 Rc1 60. Qa5 Rg4+ 61. Kb3 Rg3+ 62. Ka2 Kg6 63. Rh4 Rcg1 64. Qh5# 1-0

[Event "Late-Titled-Tuesday-Blitz-January-23-2024"]
[Site "Chess.com"]
[Date "2024.01.23"]
[Round "3"]
[White "Kostukov_Alex"]
[Black "Maxfan2008"]
[Result "1-0"]
[WhiteElo "2306"]
[BlackElo "2505"]
[TimeControl "180+1"]
[EndTime "14:29:36 PST"]
[Termination "Kostukov_Alex won by resignation"]

1. g3 Nf6 2. Bg2 e6 3. d3 d5 4.
e4 Be7 5. e5 Nfd7 6. f4 c5 7.
Nf3 a5 8. c4 d4 9. O-O a4 10. Na3 Nc6 11. Bd2 O-O 12. Qe2 f6 13. exf6 Nxf6 14. Ng5 Qd7 15. Bh3 Nd8 16. Rae1 h6 17.
Nxe6 Rf7 18. Ng5 Qxh3 19. Nxh3 Bxh3 20. Qxe7 Rxe7 21. Rxe7 Bxf1 22. Kxf1 Kf8 23. Rc7 b6 24. f5 Ne8 25. Rd7 Nf6 26. Rd6 Rb8 27. Nb5 Ke7 28. Bf4 Rb7 29. h3 Nh5 30. Be5 Nf7 31. Re6+ Kf8 32. g4 Nxe5 33. Rxe5 Nf4 34. Nd6 Re7 35.
Rxe7 Kxe7 36. Nc8+ Kf6 37. Nxb6 Nxd3 38. Nxa4 Ke5 39.
Ke2 Ke4 40. Kd2 Ne5 41. Nxc5+ Kf3 42. b3 Kg3 43. Ne6 Kxh3 44. Nxg7 Kxg4 45. f6 h5 46. Nxh5 Kxh5 47. a4 Kg6 48. a5 Kxf6 49. a6 Nd7 50. c5 Nxc5 51. a7 Nxb3+ 52. Kd1 Ke5 53. a8=Q Nc5 54. Qc6 Ne4 55. Ke2 Nc3+ 56. Kd3 Nd5 57.
Qc5 Ke6 58. Kxd4 Ne7 59. Ke4 Kd7 60. Ke5 Nc6+ 61. Kf6 Kc7 62. Ke6 Kb7 63. Kd6 Nb8 64. Qb5+ Kc8 65. Qa4 Kb7 66. Qe8 Na6 67. Qd7+ Kb6 68.
Qc6+ Ka7 69. Qb5 Nb8 70. Kc7 Na6+ 71. Kc8 1-0

[Event "Late-Titled-Tuesday-Blitz-January-23-2024"]
[Site "Chess.com"]
[Date "2024.01.23"]
[Round "3"]
[White "Maect19"]
[Black "Flameboard08"]
[Result "0-1"]
[WhiteElo "2319"]
[BlackElo "2559"]
[TimeControl "180+1"]
[EndTime "14:29:39 PST"]
[Termination "Flameboard08 won by resignation"]

1. c4 b6 2. Nf3 Bb7 3. g3 c5 4.
Bg2 g6 5. Nc3 Bg7 6. O-O Nc6 7.
d3 e6 8. Rb1 Nge7 9. a3 O-O 10.
Qc2 d5 11. b4 Nd4 12. Nxd4 cxd4 13. Na4 Rc8 14. c5 Qd7 15. Qb3 Qb5 16. Bd2 Bc6 17. Nb2 bxc5 18. Rfc1 cxb4 19. Qxb4 Qxb4 20. Bxb4 Rfe8 21.
Rc2 Bf6 22. Rbc1 Ba8 23. Na4 Rxc2 24. Rxc2 Nc6 25. Bc5 Rb8 26. f4 Be7 27. Bxe7 Nxe7 28. Rc7 Nf5 29. Rxa7 Ne3 30. Nc5 Bc6 31. Kf2 Rb5 32. Nd7 Bxd7 33. Rxd7 Ra5 34. h3 Rxa3 35.
Bf3 Ra1 36. g4 h6 37. Bg2 Kg7 38. Rb7 Kf6 39. Rb4 Nc2 40. Rb8 Ra4 41. Rh8 Kg7 42.
Rc8 Ne3 43. Rb8 Ra2 44. Rb4 Nxg2 45. Kxg2 Rxe2+ 46. Kg3 Re3+ 47. Kh4 Rxd3 48. g5 hxg5+ 49. fxg5 Rd1 50. Kg4 e5 51. h4 e4 52. Kf4 d3 53.
Ke3 Re1+ 54. Kd2 Re2+ 55. Kd1 Rh2 56. Rd4 Rxh4 57. Rxd5 Rh2 58. Re5 Re2 59. Re7 Kf8 60. Re5 e3 61. Rd5 Rd2+ 62. Ke1 Re2+ 63. Kd1 Rg2 64.
Rxd3 Rxg5 65. Rxe3 f6 66. Re6 Kf7 67. Ra6 Re5 68.
Kd2 g5 69. Ra8 g4 70. Rg8 Kxg8 0-1

[Event "Late-Titled-Tuesday-Blitz-January-23-2024"]
[Site "Chess.com"]
[Date "2024.01.23"]
[Round "3"]
[White "CarrotsandPizza"]
[Black "GrotBchess"]
[Result "1-0"]
[WhiteElo "2557"]
[BlackElo "2306"]
[TimeControl "180+1"]
[EndTime "14:29:42 PST"]
[Termination "CarrotsandPizza won on time"]

1. e4 c5 2. Nf3 e6 3. d4 cxd4 4.
Nxd4 Nc6 5. Nxc6 bxc6 6. Nd2 d5 7. Bd3 Nf6 8. O-O Be7 9. c4 Bb7 10. Qc2 h6 11. b3 O-O 12. Re1 e5 13. exd5 cxd5 14.
Rxe5 Bd6 15. Re1 Bxh2+ 16. Kxh2 Ng4+ 17. Kg1 Qf6 18. Nf3 dxc4 19. Bxc4 Qxa1 20. Bb2 Qxa2 21. Ra1 Qxa1+ 22. Bxa1 Rad8 23. Kf1 Rfe8 24. Bc3 Be4 25. Qc1 Bd3+ 26. Bxd3 Rxd3 27. Qc2 Red8 28. Ke2 R3d5 29.
Qe4 f5 30. Qe7 R8d7 31. Qe6+ Kh7 32. g3 R7d6 33. Qf7 Rd7 34. Qf8 Rc7 35. Bd4 Rc2+ 36. Kf1 Rc1+ 37. Kg2 Rc7 38. Qb8 Rcd7 39. Bxa7 Rd3 40. b4 Rb3 41. Bc5 Rb2 42. Qf8 Kg6 43. Qe8+ Rf7 44. Qe6+ Rf6 45. Qe8+ Kh7 46. Nh4 f4 47.
Qe4+ Kg8 48. gxf4 h5 49. f5 Nh6 50. Ng6 Nxf5 51. Qe8+ Kh7 52. Nf8+ Kh6 53. Nd7 Rg6+ 54. Kf3 Rb3+ 55. Ke4 Nd6+ 56. Bxd6 Rxd6 57. Ne5 Rxb4+ 58. Kf3 Rf6+ 59. Kg2 Rg4+ 60. Kh1 Rh4+ 61. Kg1 Rhf4 62. Kf1 Rxf2+ 63. Ke1 Rf1+ 64. Ke2 R6f2+ 65. Ke3 Rf6 66.
Qh8+ Kg5 67. Qd8 Re1+ 68. Kd4 Rd1+ 69. Nd3 1-0

[Event "Late-Titled-Tuesday-Blitz-January-23-2024"]
[Site "Chess.com"]
[Date "2024.01.23"]
[Round "3"]
[White "rychessmaster1"]
[Black "rasmussvane"]
[Result "0-1"]
[WhiteElo "2727"]
[BlackElo "2983"]
[TimeControl "180+1"]
[EndTime "14:29:43 PST"]
[Termination "rasmussvane won by resignation"]

1. Nf3 d5 2. g3 Nc6 3. d4 Bf5 4. Bg2 Nb4 5. Na3 e6 6. O-O Be7 7. c3 Nc6 8. Nc2 Nf6 9. Nh4 Be4 10. Re1 Bxg2 11. Nxg2 O-O 12. Bg5 e5 13. Nge3 exd4 14. Nxd4 h6 15. Bxf6 Bxf6 16. Nxc6 bxc6 17. Ng4 Rb8 18. Qc2 Re8 19. Rad1 h5 20. Nxf6+ Qxf6 21. Rd4 Rb5 22. Rf4 Qd6 23. Qf5 Qg6 24. Qxg6 fxg6 25.
b4 a5 26. a3 axb4 27. axb4 c5 28. Rd1 cxb4 29. Rxb4 Rc5 30. e3 c6 31. Rb3 Re4 32.
Rd4 Kf7 33. Kf1 Kf6 34. Ke2 Re7 35. c4 Rxc4 36. Rxc4 dxc4 37. Rc3 Ke5 38. Rxc4 Rc7 39. e4 c5 40. f4+ Kd6 41. Kd3 Ra7 42. Rc2 Ra4 43.
Rb2 Kc6 44. Rb8 Ra3+ 45. Kc4 Ra4+ 46. Kd3 Rd4+ 47. Ke3 Rd7 48. h3 c4 49. Rc8+ Kb5 50. Rb8+ Kc5 51. Rc8+ Kb4 52. Rb8+ Ka3 53. Ra8+ Kb3 54.
Rb8+ Kc2 55. e5 c3 56. g4 hxg4 57. hxg4 Kc1 58. Ke2 c2 59. f5 gxf5 60. gxf5 Rd5 61. e6 Rxf5 62. Rb6 Re5+ 63. Kf2 g5 64. Kf1 g4 65. Kf2 Re4 66. Kf1 Kd2 67. Rd6+ Kc3 68. Rc6+ Kd3 69. Rd6+ Ke3 70. Rc6 Kd2 71. Rd6+ Kc3 72.
Rc6+ Rc4 0-1

[Event "Late-Titled-Tuesday-Blitz-January-23-2024"]
[Site "Chess.com"]
[Date "2024.01.23"]
[Round "3"]
[White "Jarrahi2452"]
[Black "ural58"]
[Result "1-0"]
[WhiteElo "2649"]
[BlackElo "2454"]
[TimeControl "180+1"]
[EndTime "14:29:45 PST"]
[Termination "Jarrahi2452 won by checkmate"]

1. d4 d5 2. Bf4 Nf6 3. e3 c5 4. c3 Qb6 5. Qb3 c4 6. Qc2 g6 7. Nd2 Bf5 8. Qc1 Nc6 9. h3 Bg7 10. Ngf3 O-O 11. Be2 Nd7 12. O-O e5 13. dxe5 Ndxe5 14. Nxe5 Nxe5 15. Bxe5 Bxe5 16. Nf3 Bf6 17. Rd1 Rad8 18.
Nd4 Bd7 19. b3 cxb3 20. axb3 a6 21. Qa3 Rfe8 22. Rac1 Be7 23. Qa1 Qf6 24. c4 dxc4 25.
bxc4 Bc5 26. Nb3 Qxa1 27. Rxa1 Bf8 28. c5 Be6 29. Rxd8 Rxd8 30. Na5 Bc8 31. Bf3 Bxc5 32. Nxb7 Bxb7 33. Bxb7 a5 34. Rxa5 Rd1+ 35. Kh2 Bd6+ 36. g3 Rd2 37. Kg2 h5 38. h4 Rb2 39. Bd5 Rb8 40. Ra7 Rf8 41. Kf3 Bc5 42. Rc7 Bb4 43.
Ke4 Ba5 44. Rb7 Be1 45. Kf3 Bc3 46. e4 Bd4 47. Ke2 Bf6 48. f4 Bd8 49. e5 Ba5 50. Kf3 Bd2 51. g4 hxg4+ 52. Kxg4 Be3 53. f5 gxf5+ 54.
Kxf5 Bf2 55. h5 Bg3 56. Rb2 Be1 57. Kf6 Bh4+ 58. Kf5 Kh7 59. Rb7 Kg7 60. e6 Bf6 61. e7 Bxe7 62. Rxe7 Kg8 63. h6 Kh8 64. Bxf7 Ra8 65.
Kg6 Rb8 66. Be6 Rd8 67. Rh7# 1-0

[Event "Late-Titled-Tuesday-Blitz-January-23-2024"]
[Site "Chess.com"]
[Date "2024.01.23"]
[Round "3"]
[White "GianmarcoVaR"]
[Black "GlavkonVVS"]
[Result "0-1"]
[WhiteElo "2727"]
[BlackElo "2507"]
[TimeControl "180+1"]
[EndTime "14:29:47 PST"]
[Termination "GlavkonVVS won by resignation"]

1. d4 Nf6 2. Nf3 c5 3. d5 e6 4. Nc3 exd5 5. Nxd5 Nxd5 6. Qxd5 d6 7. e4 Nc6 8. Bc4 Be6 9. Qd3 Be7 10. c3 Qd7 11. O-O O-O-O 12. Rd1 Bxc4 13. Qxc4 Qe6 14. Rd5 Rhe8 15. Bf4 Bf8 16. Re1 h6 17. h3 g5 18.
Bg3 Ne7 19. Nd4 Qg6 20. Rxd6 Rxd6 21. Bxd6 Qxd6 22. Qxf7 Qd7 23. Nf3 Nc6 24. Qf6 Qe6 25. Qxe6+ Rxe6 26. Nd2 b5 27. Kf1 a6 28. Ke2 Kc7 29. Kd3 c4+ 30. Ke2 Bc5 31. g3 Ne5 32. Rh1 Rf6 33. f3 Nd3 34. b3 Ne5 35. h4 cxb3 36.
axb3 b4 37. hxg5 hxg5 38. Rc1 bxc3 39. Rxc3 Kb6 40. Rc2 Bb4 41. Nc4+ Nxc4 42. Rxc4 a5 43. Ke3 Bc5+ 44. Ke2 Kb5 45. e5 Re6 46. f4 gxf4 47. gxf4 Kc6 48. Kf3 Kd5 49. Ra4 Bb4 50. Ra1 Rc6 51.
Rd1+ Ke6 52. Ke4 Rc2 53. f5+ Ke7 54. Rh1 Re2+ 55. Kd5 Rd2+ 56. Ke4 Bc3 57. Rh7+ Kd8 58. e6 Re2+ 59. Kf4 Bb4 60. Rb7 Bd2+ 61. Kg4 Bc3 62. Rd7+ Ke8 63. Rb7 Bb4 64. Rb5 Re3 65. Kg5 Rxb3 66. f6 Rg3+ 67. Kf5 Rf3+ 68. Kg6 Kd8 69. Rb8+ Kc7 70. Ra8 Re3 71. Ra7+ Kb6 72. Re7 Bxe7 73. fxe7 Rxe6+ 74. Kf7 Rxe7+ 75. Kxe7 a4 0-1

[Event "Late-Titled-Tuesday-Blitz-January-23-2024"]
[Site "Chess.com"]
[Date "2024.01.23"]
[Round "3"]
[White "hsd2016"]
[Black "Chessdreamer2020"]
[Result "0-1"]
[WhiteElo "2290"]
[BlackElo "2554"]
[TimeControl "180+1"]
[EndTime "14:29:49 PST"]
[Termination "Chessdreamer2020 won by resignation"]

1. e4 d6 2. d4 Nf6 3. Nc3 c6 4. Be3 e5 5. dxe5 dxe5 6. Qxd8+ Kxd8 7. O-O-O+ Ke8 8. h3 Be6 9. Nge2 Nbd7 10. f4 Bc5 11.
Bxc5 Nxc5 12. fxe5 Nfxe4 13. Nxe4 Nxe4 14. Re1 Rd8 15.
Nf4 Ng3 16. Nxe6 fxe6 17. Rg1 Rf8 18. Bc4 Ke7 19. Re3 Nf5 20. Ra3 a6 21. Rf3 Nh4 22. Rg3 g6 23. Re1 Rf2 24. Rg1 Rdd2 25. Bd3 Nxg2 26.
Rf3 Nf4 27. Rxf2 Rxf2 28. Bc4 b5 29. Bf1 Rh2 30. Rg3 Rh1 31. Rf3 Nxh3 32. Kd2 Ng5 33. Rf4 Rh2+ 34. Kc3 Nf7 35. Re4 Rh5 36. Bg2 Rxe5 37.
Rh4 h5 38. Kd4 c5+ 39. Kd3 Rg5 40. Bb7 a5 41. Bc6 Nd6 42. c3 c4+ 43. Kd4 Rg4+ 44.
Rxg4 hxg4 45. a3 g3 46. Ke5 Nf5 47. Kf4 Kd6 48. Bb7 g5+ 49. Kf3 g4+ 50. Kg2 Ne3+ 51. Kxg3 Nd1 52. Ba6 Kc5 53. Bc8 e5 54. Bxg4 Nxb2 55.
Kf3 Nd1 56. Ke4 Nxc3+ 57. Kxe5 Nb1 58. Bd1 Nxa3 59. Ke4 b4 60. Ke3 b3 61. Kd2 b2 62.
Bc2 b1=Q 63. Bxb1 Nxb1+ 64. Kc2 Kb4 65. Kxb1 Kb3 66. Kc1 Kc3 67. Kb1 Kd2 68. Ka2 c3 69. Ka3 c2 70. Ka4 c1=Q 71. Kb5 Qc3 72. Ka6 Qb4 73.
Ka7 a4 0-1

[Event "Late-Titled-Tuesday-Blitz-January-23-2024"]
[Site "Chess.com"]
[Date "2024.01.23"]
[Round "3"]
[White "stasOR4ik"]
[Black "C_K_G"]
[Result "1/2-1/2"]
[WhiteElo "2402"]
[BlackElo "2137"]
[TimeControl "180+1"]
[EndTime "14:29:49 PST"]
[Termination "Game drawn by repetition"]

1. e4 c5 2. c3 d5 3. exd5 Qxd5 4. Nf3 Bf5 5. d4 Nc6 6. Na3 e5 7. dxe5 Qxd1+ 8. Kxd1 O-O-O+ 9. Ke1 Re8 10. Bf4 f6 11.
Bb5 Bd7 12. Bg3 fxe5 13. Ng5 Nh6 14. Ke2 Be7 15. h4 Bf6 16. Rad1 Re7 17. Nc4 Nf5 18.
a4 Nxg3+ 19. fxg3 Bg4+ 20. Ke3 Bxg5+ 21. hxg5 Bxd1 22. Rxd1 Kc7 23. Ke4 Rf8 24. Rh1 g6 25. Bxc6 bxc6 26. a5 Rf2 27. Rg1 Rf5 28. g4 Rxg5 29. Ne3 h5 30. Rf1 hxg4 31. Rf6 g3 32.
b3 Kd7 33. Kf3 Rh7 34. Rf8 Ke7 35. Ra8 Rf7+ 36. Ke2 Ke6 37. Re8+ Kd6 38. Rd8+ Kc7 39. Ra8 Kb7 40. Re8 Rf2+ 41. Kd3 Rb2 42. Re7+ Ka6 43.
Kc4 Ra2 44. b4 cxb4 45. cxb4 Rb2 46. Kc5 e4+ 47. Kxc6 Rxb4 48. Re6 Rxa5 49. Kc7+ Rb6 50. Rxe4 Rc5+ 51. Kd7 Kb5 52. Rg4 Re5 53. Nc4 Rd5+ 54.
Ke7 Rc6 55. Ne3 Re5+ 56. Kd7 Rxe3 57. Rg5+ Rc5 58. Rxg6 a5 59. Kd6 a4 60. Rg8 Rc4 61.
Rb8+ Ka5 62. Ra8+ Kb4 63. Kd5 Ka3 64. Kxc4 Re2 65. Rg8 Rxg2 66. Rg4 Rg1 67. Kc3 Ka2 68. Kc2 a3 69. Rg5 Rg2+ 70. Kc1 Rg1+ 71. Kc2 Ka1 72. Rg4 Ka2 73. Rg5 1/2-1/2

[Event "Late-Titled-Tuesday-Blitz-January-23-2024"]
[Site "Chess.com"]
[Date "2024.01.23"]
[Round "3"]
[White "IngOscarArdila"]
[Black "Blackwhite017"]
[Result "0-1"]
[WhiteElo "2369"]
[BlackElo "2086"]
[TimeControl "180+1"]
[EndTime "14:29:49 PST"]
[Termination "Blackwhite017 won on time"]

1. d4 f5 2. c4 e6 3. Nf3 Nf6 4. Nc3 Bb4 5. Bd2 O-O 6. g3 b6 7. Bg2 Bb7 8. O-O d6 9. Qc2 Nbd7 10.
a3 Bxc3 11. Bxc3 Be4 12. Qc1 h6 13. b4 a5 14. Qb2 axb4 15. axb4 Qb8 16. Rxa8 Qxa8 17.
Ra1 Qb7 18. Nh4 Ra8 19. Bxe4 Qxe4 20. Ng6 Rxa1+ 21. Qxa1 Qxe2 22. c5 Ne4 23. Qe1 Qxe1+ 24. Bxe1 bxc5 25. dxc5 dxc5 26. f3 Nd6 27. Kf2 Kf7 28.
Nf4 cxb4 29. Bxb4 c5 30. Bc3 g5 31. Nd3 Nb5 32. Bb2 c4 33. Ne5+ Nxe5 34. Bxe5 Ke7 35. Ke3 h5 36. Kd2 Kd7 37. Bf6 g4 38. fxg4 hxg4 39.
Ke3 Kc6 40. Kf4 Kd5 41. Ke3 c3 42. Kd3 e5 43. Bg5 Nd6 44. Bc1 Ne4 45. Be3 Kc6 46. Bc1 Kd5 47. Be3 f4 48. gxf4 exf4 49. Bxf4 Nf2+ 50. Kxc3 Ke4 51. Bg3 Kf3 52. Kd2 Ne4+ 53.
Ke1 Nxg3 54. hxg3 Kxg3 55. Kf1 Kh2 56. Kf2 g3+ 57. Kf3 g2 58. Kf2 g1=Q+ 59. Kf3 Qg3+ 60. Ke4 Kh3 61. Kf5 Qg4+ 62. Kf6 Kh4 63. Kf7 Qg5 64. Ke8 Qg7 65. Kd8 Kg5 66. Kc8 Kf6 67. Kb8 Ke6 68.
Ka8 Kd6 0-1

[Event "Late-Titled-Tuesday-Blitz-January-23-2024"]
[Site "Chess.com"]
[Date "2024.01.23"]
[Round "3"]
[White "Harry_Rakkel"]
[Black "DvaHrasta"]
[Result "1-0"]
[WhiteElo "2695"]
[BlackElo "2479"]
[TimeControl "180+1"]
[EndTime "14:29:51 PST"]
[Termination "Harry_Rakkel won on time"]

1. e4 c6 2. d4 d5 3. exd5 cxd5 4. Bd3 Nc6 5. c3 e5 6. dxe5 Nxe5 7. Bf4 Bd6 8. Bxe5 Bxe5 9. Qe2 Qe7 10. Bb5+ Kf8 11. Nd2 Bf5 12. Ngf3 Bd6 13. Nd4 Qxe2+ 14. Bxe2 Be6 15.
O-O-O Nf6 16. Bf3 Ke7 17. Rhe1 Kd7 18. g3 Rhc8 19. N2b3 Rab8 20. Bg2 b5 21. Nxe6 fxe6 22. Bh3 Re8 23. Nd4 Ne4 24. Re2 g6 25. Nxe6 Kc6 26.
Nd4+ Kc7 27. Rde1 Nf6 28. Rxe8 Nxe8 29. Nxb5+ Rxb5 30. Rxe8 Rb8 31. Re6 Rf8 32. f4 Bc5 33.
Kc2 Bg1 34. Re2 d4 35. cxd4 Bxd4 36. Re7+ Kb6 37. Rxh7 Re8 38. Bg4 Re1 39. Rh6 Rg1 40. Rxg6+ Kc5 41. Rg5+ Kb6 42. Bf3 Rf1 43. Be2 Rf2 44. Kd2 Rxh2 45. b4 Rg2 46. Rg6+ Kc7 47. a4 Bf2 48. Rg7+ Kd6 49. g4 Rg3 50. Rg6+ Kd5 51.
Rf6 Be3+ 52. Kc2 Kd4 53. Rd6+ Ke4 54. Bd3+ Kxf4 55. Kc3 Rg1 56. Kc4 Rc1+ 57. Kb5 Kxg4 58. Be4 Kf4 59. Bc6 Ke5 60. Rg6 Kf5 61. Rg8 Bf4 62.
Rf8+ Ke5 63. Rd8 Be3 64. Rd5+ Ke6 65. Rd3 Bg1 66. Bb7 Ke7 67. Ka6 Ke6 68. b5 Ke7 69. a5 Ke6 70. Bc6 Ke7 71. Rd7+ Ke6 72. Rxa7 Bxa7 73.
Kxa7 Kd6 74. Kb7 Rg1 75. a6 Rg7+ 76. Kb6 1-0

[Event "Late-Titled-Tuesday-Blitz-January-23-2024"]
[Site "Chess.com"]
[Date "2024.01.23"]
[Round "3"]
[White "VitaliyChayka"]
[Black "yaguigor"]
[Result "0-1"]
[WhiteElo "2440"]
[BlackElo "2635"]
[TimeControl "180+1"]
[EndTime "14:29:52 PST"]
[Termination "yaguigor won on time"]

1. d4 d5 2. Bf4 Nf6 3. e3 g6 4. h3 Bg7 5. Nf3 O-O 6. Be2 c5 7. c3 Qb6 8. Qb3 c4 9. Qa3 Nc6 10. b3 cxb3 11. axb3 Qd8 12. Nbd2 Bf5 13. b4 a6 14. O-O Ne4 15. Rfc1 Nxd2 16. Nxd2 e5 17. Bh2 Re8 18. Bf1 Bf8 19. Nb3 exd4 20. exd4 a5 21.
Nc5 axb4 22. Qxa8 Qxa8 23. Rxa8 Rxa8 24. cxb4 Nxd4 25. Nxb7 Bxb4 26. Bd6 Bxd6 27. Nxd6 Be6 28. Rd1 Nc6 29. Nb5 Rd8 30. Nd4 Nxd4 31. Rxd4 Kf8 32. g3 Ke7 33. Bg2 Kd6 34. Kf1 Kc5 35. Rd1 d4 36. Ke2 Bc4+ 37. Kd2 Rb8 38. Rc1 Rb2+ 39. Rc2 Rb1 40. Be4 Rb3 41. h4 h6 42. h5 g5 43.
g4 Kb4 44. f3 f6 45. Bc6 Rd3+ 46. Kc1 Bb3 47. Rd2 Rc3+ 48. Kb2 Rxc6 49. Rxd4+ Bc4 50.
Re4 Ra6 51. Kc2 Ra2+ 52. Kd1 Kc3 53. Ke1 Bd3 54. Re7 Ra4 55. Kf2 Rf4 56. Kg3 Kd2 57. Re6 Be2 58. Rd6+ Ke1 59. Re6 Rxf3+ 60. Kg2 Rf4 61.
Re7 Rxg4+ 62. Kh3 Rh4+ 63. Kg3 Rxh5 64. Re6 f5 65. Re7 Rh4 66. Re6 f4+ 67. Kg2 f3+ 68. Kg3 f2 0-1

[Event "Late-Titled-Tuesday-Blitz-January-23-2024"]
[Site "Chess.com"]
[Date "2024.01.23"]
[Round "3"]
[White "Hrant_ChessMood"]
[Black "Practical-Play"]
[Result "1-0"]
[WhiteElo "2910"]
[BlackElo "2520"]
[TimeControl "180+1"]
[EndTime "14:29:53 PST"]
[Termination "Hrant_ChessMood won on time"]

1. c4 Nf6 2. Nc3 e5 3. g3 d5 4. cxd5 Nxd5 5. Bg2 Be6 6. Qb3 Nb6 7. Qb5+ N8d7 8. Bxb7 Rb8 9. Bg2 Nc4 10. Qa4 Nxb2 11.
Bxb2 Rxb2 12. Nf3 Bc5 13. Nxe5 O-O 14. Nd3 Rb8 15. O-O Bb6 16. Rab1 Re8 17. Nf4 Bf5 18. d3 Nc5 19. Qc4 Ne6 20. Nxe6 Bxe6 21. Bd5 Bxd5 22. Nxd5 Rxe2 23. d4 Rd2 24. Rbd1 Rxd1 25. Rxd1 Qd6 26. Re1 h6 27. Ne7+ Kf8 28. Nf5 Qf6 29. Re5 Rd8 30.
Qe2 g6 31. Nxh6 Bxd4 32. Ng4 Qc6 33. Re7 Bc5 34. Re4 Bb6 35. Ne5 Qc1+ 36. Kg2 Qd1 37.
Qxd1 Rxd1 38. Rf4 f5 39. Nxg6+ Kg7 40. Ne7 Rd2 41. Nxf5+ Kg6 42. a4 Kg5 43. h4+ Kf6 44.
Ne3+ Ke6 45. Nc4 Ra2 46. Nxb6 axb6 47. h5 c5 48. h6 Rd2 49. g4 Rd8 50. g5 Ke5 51.
Rf7 Rg8 52. Rg7 Rh8 53. h7 c4 54. g6 c3 55. Rc7 Kf6 56. g7 Rxh7 57. g8=Q Rxc7 58.
Qd8+ Re7 59. Qd4+ Kf7 60. Qxb6 Kf8 61. Qb8+ Kf7 62. Qb3+ Kf8 63. Qxc3 Rf7 64. a5 Kg8 65.
a6 Kf8 66. Qh8+ Ke7 67. a7 Ke6 68. a8=Q Rd7 69. Qhe8+ 1-0

[Event "Late-Titled-Tuesday-Blitz-January-23-2024"]
[Site "Chess.com"]
[Date "2024.01.23"]
[Round "3"]
[White "FM_Kappeler"]
[Black "ATM622"]
[Result "1-0"]
[WhiteElo "2267"]
[BlackElo "2469"]
[TimeControl "180+1"]
[EndTime "14:29:54 PST"]
[Termination "FM_Kappeler won on time"]

1. c4 e5 2. Nc3 b6 3. Nf3 d6 4. g3 Bb7 5. Bg2 g5 6. O-O g4 7. Nh4 Bxg2 8. Kxg2 Qd7 9. d4 Be7 10.
Qd3 Bxh4 11. gxh4 f5 12. dxe5 dxe5 13. Nd5 Nc6 14. Bg5 Kf7 15. f3 gxf3+ 16. Rxf3 Nd4 17. Rxf5+ Qxf5 18. Rf1 Qxf1+ 19. Kxf1 c6 20. e3 cxd5 21. exd4 e4 22. Qh3 h6 23. Qd7+ Kg6 24. Qc6+ Kh5 25. Qxa8 hxg5 26. Qxd5 Kxh4 27. Qxe4+ g4 28. Qe5 Rh7 29. Kg2 Rh5 30. Qe1+ Kg5 31. Qe3+ Kh4 32. d5 Nf6 33. Qe7 Rf5 34. d6 Kh5 35. d7 Nxd7 36.
Qxd7 Rc5 37. b3 Kg5 38. Qxa7 Re5 39. Qxb6 Re2+ 40. Kg3 Rxa2 41. Qc5+ Kg6 42. Qd6+ Kh5 43. Qe5+ Kg6 44. Kxg4 Rg2+ 45. Kf3 Ra2 46. b4 Ra3+ 47. Kg4 Rb3 48. b5 Kf7 49. Qd5+ Kg6 50. Qe4+ Kf7 51. Qf5+ Kg7 52. Qd7+ Kg6 53. Qd6+ Kg7 54. b6 Kf7 55. Qc7+ Kg6 56. b7 Rb1 57. b8=Q Rg1+ 58. Kf3 Rf1+ 59.
Ke2 Rf6 60. Qg8+ Kf5 61. Qd7+ Ke4 62. Qgg4+ Rf4 63. Qxf4+ Kxf4 64. Qd4+ Kf5 65. Kf3 Ke6 66. Ke4 Kf7 67. Qb6 Ke7 68. Qc6 Kd8 69. Qb7 1-0